 Dungeon Crawl Stone Soup version 0.18-a0-337-g1235303 (webtiles) character file.

62 Raultor the Changer (level 4, 0/28 HPs)
             Began as an Octopode Transmuter on Nov 28, 2015.
             Succumbed to an adder's poison
             ... on level 2 of the Dungeon.
             The game lasted 00:03:37 (1440 turns).

Raultor the Changer (Octopode Transmuter)           Turns: 1440, Time: 00:03:37

Health: 0/28       AC:  1    Str: 10    XL:     4   Next: 8%
Magic:  5/7        EV: 12    Int: 15    God:
Gold:   82         SH:  0    Dex: 12    Spells: 1 memorised, 6 levels left

rFire  . . .     SeeInvis .       - Unarmed
rCold  . . .     Clarity  .     (no shield)
rNeg   . . .     SustAt   .     (helmet restricted)
rPois  .         Gourm    .     (no amulet)
rElec  .         Spirit   .     d - ring of invisibility
rCorr  .         Warding  .     (no ring)
rMut   .         Stasis   .     (no ring)
MR     .....                    (no ring)
Stlth  ++........               (no ring)
                                (no ring)
                                (no ring)
                                (no ring)

@: lethally poisoned (0 -> -5), appendage, flying, not resistant to hostile
enchantments, unstealthy
A: almost no armour, amphibious, 8 rings, constrict 8, tentacle spike 3,
camouflage 1, gelatinous body 1
a: End Transformation, Evoke Invisibility


You were on level 2 of the Dungeon.
You were hungry.
One of your tentacles had a temporary spike.
You visited 1 branch of the dungeon, and saw 2 of its levels.

You collected 82 gold pieces.

Inventory:

Missiles
 a - 30 arrows
 j - 6 exploding tomahawks (quivered)
Jewellery
 d - a ring of invisibility (left tentacle)
 m - an uncursed ring of sustain attributes {unknown}
Scrolls
 e - 5 scrolls of identify {unknown}
 g - a scroll of enchant weapon {unknown}
 i - a scroll of immolation {unknown}
 k - 2 scrolls of teleportation {unknown}
 l - a scroll of fear {unknown}
Potions
 h - a potion of curing {unknown}
 n - a potion of flight
Books
 b - a book of Changes

   Spells                             Type                      Level
   a - Beastly Appendage              Transmutation                1
   b - Sticks to Snakes               Transmutation                2
   c - Spider Form                    Transmutation/Poison         3
   d - Ice Form                       Ice/Transmutation            4
   e - Blade Hands                    Transmutation                5
Comestibles
 c - 2 bread rations
 f - a meat ration


   Skills:
 - Level 1.0 Fighting
 - Level 2.0 Dodging
 - Level 3.0 Unarmed Combat
 - Level 2.0 Spellcasting
 + Level 4.2 Transmutations


You had 6 spell levels left.
You knew the following spells:

 Your Spells              Type           Power        Failure   Level  Hunger
a - Beastly Appendage     Trmt           ##....       4%          1    #......


Dungeon Overview and Level Annotations

Branches:
Dungeon (2/15)

Altars:


Innate Abilities, Weirdness & Mutations

You cannot wear most types of armour.
You are amphibious.
You can wear up to eight rings at the same time.
You can use your tentacles to constrict eight enemies at once.
Your skin changes colour to match your surroundings (Stealth).
Your rubbery body absorbs attacks (AC +1).
One of your tentacles bears a large vicious spike.


Message History

The adder bites you.
* * * LOW HITPOINT WARNING * * *
You miss the adder. Your grab misses the adder.
Your tentacle spike misses the adder.
The adder is severely wounded.
* * * LOW HITPOINT WARNING * * *
You feel sick. The adder bites you but does no damage. The adder misses you.
You closely miss the adder. Your grab misses the adder.
The adder is severely wounded.
The adder barely misses you.
You closely miss the adder. You grab the adder.
You pierce the adder.
The adder is almost dead.
You constrict the adder.
You kill the adder!
You have reached level 4!
Drink which item? (? for menu, Esc to quit)
It was a potion of flight.
You feel very buoyant.
You fly up into the air.
You die...

#### .....
......#########
......†@......#
......#######.#
####+ #.# #.#
#.# #.# #######
#.# #.....# #.#
## #.###.# #.#


There were no monsters in sight!

Vanquished Creatures
  3 adders
  2 worms (D:2)
  A giant gecko (D:2)
  6 bats
  4 goblins (D:1)
  5 hobgoblins
  A giant newt (D:1)
  4 kobolds
  3 rats (D:1)
29 creatures vanquished.

Notes
Turn   | Place    | Note
--------------------------------------------------------------
     0 | D:1      | Raultor the Octopode Transmuter began the quest for the Orb.
     0 | D:1      | Reached XP level 1. HP: 13/13 MP: 3/3
    56 | D:1      | Reached XP level 2. HP: 16/18 MP: 5/5
   511 | D:1      | Reached XP level 3. HP: 14/23 MP: 6/6
   875 | D:2      | Found a faded altar to an unknown god.
   980 | D:2      | HP: 1/23 [worm (2)]
  1084 | D:2      | HP: 1/23 [worm (7)]
  1407 | D:2      | Reached skill level 4 in Transmutations
  1436 | D:2      | HP: 1/23 [adder (4)]
  1439 | D:2      | Reached XP level 4. HP: 1/28 MP: 5/7
  1440 | D:2      | Succumbed to an adder's poison

Vault maps used:
D:1:      dpeg_arrival_rooms_b, minmay_statues_item
D:2:      ecumenical_altar_2

Action                   |  1- 3 |  4- 6 || total
-------------------------+-------+-------++-------
Melee: Unarmed           |    90 |       ||    90
 Cast: Beastly Appendage |     6 |       ||     6
  Use: Potion            |       |     1 ||     1
 Stab: Sleeping          |     1 |       ||     1
  Eat: Chunk             |     1 |       ||     1
